 Dungeon Crawl Stone Soup version 0.27-a0-79-gcaaa221d37 (webtiles) character file.

Game seed: 8453045224913112358

40 kae the Ruffian (level 3, -6/31 HPs)
             Began as a Naga Transmuter on Jan 14, 2021.
             Killed from afar by Sigmund (7 damage)
             ... with a puff of flame
             ... on level 2 of the Dungeon.
             The game lasted 00:01:07 (1848 turns).

kae the Ruffian (Naga Transmuter)                   Turns: 1848, Time: 00:01:08

Health: -6/31      AC:  2    Str: 13    XL:     3   Next: 50%
Magic:  4/6        EV: 19    Int: 13    God:
Gold:   48         SH:  0    Dex: 16    Spells: 2/6 levels left

rFire    . . .     SeeInvis +     - Unarmed
rCold    . . .     Faith    .   (shield currently unavailable)
rNeg     . . .     Spirit   .   (armour currently unavailable)
rPois    x         Reflect  .   (helmet currently unavailable)
rElec    .         Harm     .   (cloak currently unavailable)
rCorr    .         Rampage  .   (gloves currently unavailable)
Will     .....                  (no barding)
Stlth    +.........             (no amulet)
HPRegen  0.10/turn              (no ring)
MPRegen  0.10/turn              (no ring)

@: short of breath, spider-form (expiring)
A: tiny, see invisible, spit poison 1, AC +1
a: Spit Poison, End Transformation


You were on level 2 of the Dungeon.
You were a venomous arachnid creature.
You visited 1 branch of the dungeon, and saw 2 of its levels.

You collected 48 gold pieces.

Inventory:

Armour
 a - a +0 robe (melded)
Scrolls
 b - a scroll of teleportation {unknown}
 c - a scroll of enchant armour {unknown}
 e - a scroll of fog {unknown}
Potions
 d - 3 potions of mutation {unknown}
 f - a potion of attraction {unknown}


   Skills:
 + Level 1.5 Fighting
 + Level 1.9 Dodging
 + Level 3.3 Unarmed Combat
 + Level 2.3 Spellcasting
 + Level 2.3 Transmutations
 * Level 0.8 Poison Magic


You had 2 spell levels left.
You knew the following spells:

 Your Spells              Type           Power        Failure   Level
a - Beastly Appendage     Tmut           14%          24%         1
b - Spider Form           Tmut/Pois      2%           58%         3

Your spell library contained the following spells:

 Spells                   Type           Power        Failure   Level
 Wereblood                Tmut           7%           32%         2
 Ice Form                 Ice/Tmut       4%           94%         4
 Blade Hands              Tmut           3%           99%         5


Dungeon Overview and Level Annotations

Branches:
Dungeon (2/15)

Altars:

Annotations:
D:2 Sigmund


Innate Abilities, Weirdness & Mutations

You cannot wear boots.
((Your serpentine skin is tough. (AC +1)))
You have supernaturally acute eyesight. (SInv)
((Armour fits poorly on your strangely shaped body.))
((Your system is resistant to poisons. (rPois)))
((You cover ground very slowly.))
You can spit poison.


Message History

Sigmund is moderately wounded.
Your transformation is almost over.
Sigmund points at you and mumbles some strange words.
The magic dart hits you!
* * * LOW HITPOINT WARNING * * *
You hit Sigmund.
Sigmund is heavily wounded.
Sigmund barely misses you.
You barely miss Sigmund.
Sigmund is heavily wounded.
Press: ? - help, Shift-Dir - straight line, f - Sigmund
Aim: Sigmund, wielding a +0 scythe and wearing a +0 robe (heavily wounded, slightly transparent, very poisoned)
The splash of poison hits Sigmund.
Sigmund looks as sick as possible!
Sigmund is severely wounded.
Sigmund barely misses you.
You hit Sigmund.
Sigmund is severely wounded.
Sigmund points at you and mumbles some strange words.
The puff of flame hits you!
You die...

.....♣ ....♣♣ ..
## #.#.♣ .....
#...♣ ♣.... ###.♣
♣.#.# #.♣♣ ♣...#
# ###..♣♣ ♣...#
... ......♣
♣.#.####.....
###...♣♣♣
♣....s@......
##.....♣
♣..#.####.....
##...#.###. #.#
#..... ...###.###
##.##.... # .###
#.#.. ##.....# ##
###.#.###....###
####.........##.#
...........### .#
.......†...####..


You could see Sigmund (invisible, extremely poisoned).

Vanquished Creatures
  An adder (D:2)
  A dart slug (D:1)
  2 ball pythons (D:1)
  5 bats
  3 giant cockroaches
  3 goblins (D:1)
  2 hobgoblins
  4 jackals (D:1)
  A frilled lizard (D:1)
  3 kobolds (D:2)
  2 rats (D:1)
27 creatures vanquished.

Notes
Turn   | Place    | Note
-------+----------+-------------------------------------------
     0 | D:1      | kae the Naga Transmuter began the quest for the Orb.
     0 | D:1      | Reached XP level 1. HP: 18/18 MP: 3/3
   337 | D:1      | Reached XP level 2. HP: 6/25 MP: 5/5
  1507 | D:2      | Reached XP level 3. HP: 31/31 MP: 6/6
  1539 | D:2      | Learned a level 3 spell: Spider Form
  1834 | D:2      | Noticed Sigmund
  1844 | D:2      | HP: 1/31 [Sigmund/magic dart (9)]
  1848 | D:2      | Killed from afar by Sigmund

Illustrated notes

Levels and vault maps discovered:
D:1:      saegor_arrival_miasma, layout_basic, minmay_tromino_v4_a
D:2:      minmay_kobold_bridge, layout_rooms, marbit_many_paths, serial_forest,
          infiniplex_forest_end_3, infiniplex_forest_end_1,
          infiniplex_forest_lined_corner, infiniplex_forest_clump_small,
          infiniplex_forest_end_2, infiniplex_forest_corner_1, uniq_sigmund

Action                   || total
-------------------------++-------
Melee: Unarmed           ||    72
       Headbutt          ||     3
       Punch             ||     1
 Cast: Beastly Appendage ||     9
       Spider Form       ||     1
 Abil: Spit Poison       ||    24
Armor: Robe              ||    21
Dodge: Dodged            ||    40

Table legend: (Time is in decaauts)
 A = Elapsed time spent in this place.
 B = Non-inter-level travel time spent in this place.
 C = Inter-level travel time spent in this place.
 D = Time resting spent in this place.
 E = Time spent auto-exploring this place.
 F = Levels seen in this place.
 G = Mean time per level.
                   A        B        C        D        E       F      G
               +--------+--------+--------+--------+--------+-----+--------+
         Total |   2151 |   2131 |     20 |    211 |   1714 |   2 | 1075.5 |
       Dungeon |   2151 |   2131 |     20 |    211 |   1714 |   2 | 1075.5 |
               +--------+--------+--------+--------+--------+-----+--------+

Top non-repeatable levels by time:
     D:1: 1735 daAuts
     D:2: 416 daAuts
